 Dungeon Crawl Stone Soup version 0.19.0-18-g426998a (webtiles) character file.

163 HungrySpirit the Charlatan (level 5, -16/38 HPs)
             Began as a Mummy Artificer on Nov 11, 2016.
             Demolished by Menkaure (20 damage)
             ... on level 3 of the Dungeon.
             The game lasted 00:03:54 (3507 turns).

HungrySpirit the Charlatan (Mummy Artificer)        Turns: 3507, Time: 00:03:54

Health: -16/38     AC:  6    Str: 17    XL:     5   Next: 20%
Magic:  7/7        EV: 11    Int: 10    God:
Gold:   98         SH:  0    Dex: 12    Spells: 0 memorised, 4 levels left

rFire  x . .     SeeInvis .     f - +1 short sword (speed)
rCold  + . .     Gourm    .     a - +0 ring mail
rNeg   + + +     Faith    .     (no shield)
rPois  ∞         Spirit   .     (no helmet)
rElec  .         Reflect  .     l - +0 cloak
rCorr  .         Harm     .     (no gloves)
MR     .....                    (no boots)
Stlth  +.........               n - amulet of magic regeneration
                                (no ring)
                                (no ring)

@: no status effects
A: no food or potions, fire vulnerability, cold resistance 1, negative energy
resistance 3, torment resistance, unbreathing
a: no special abilities


You were on level 3 of the Dungeon.
You were not hungry.

You visited 1 branch of the dungeon, and saw 4 of its levels.

You collected 98 gold pieces.

Inventory:

Hand Weapons
 f - a +1 short sword of speed (weapon)
 h - a +0 hand axe of chopping
Armour
 a - a +0 ring mail (worn)
 b - a +0 leather armour
 l - a +0 cloak (worn)
Jewellery
 n - an amulet of magic regeneration (around neck)
Wands
 c - a wand of flame (9/48)
 d - a wand of enslavement (14/24)
 e - a wand of random effects (15/48)
 k - a wand of confusion (22/48)
Scrolls
 g - 2 scrolls of remove curse {unknown}
 i - a scroll of amnesia {unknown}
 j - 4 scrolls of identify {unknown}
 m - a scroll of blinking {unknown}
 o - a scroll of enchant armour {unknown}
 p - a scroll of recharging {unknown}


   Skills:
 - Level 2.0 Fighting
 - Level 0.7 Short Blades
 * Level 2.8 Axes
 - Level 1.5 Dodging
 - Level 0.7 Stealth
 + Level 3.4 Evocations


You had 4 spell levels left.
You didn't know any spells.

Dungeon Overview and Level Annotations

Branches:
Dungeon (4/15)
 Temple: D:4-7

Altars:
Elyvilon
Fedhas
Uskayaw
The Shining One

Annotations:
D:3 Menkaure
D:4 Dowan, Duvessa, Edmund


Innate Abilities, Weirdness & Mutations

You do not eat or drink.
Your flesh is vulnerable to fire.
You are immune to poison.
Your flesh is cold resistant. (rC+)
You are immune to negative energy. (rN+++)
You are immune to unholy pain and torment.
You can survive without breathing.


Message History

You kill the orc!
Evoke which item? (* to show all) (? for menu, Esc to quit)
Zapping:
c - a wand of flame (11/48)
Press: ? - help, Shift-Dir - straight line, f - Menkaure
Aim: Menkaure (lightly damaged)
The puff of flame hits Menkaure.
Menkaure is burned terribly!
Menkaure is moderately damaged.
This wand has 10 charges left.
Menkaure hits you!
* * * LOW HITPOINT WARNING * * *
Things that are here:
a whip; a leather armour; an orc corpse Evoke which item? (* to show all) (? for menu, Esc to quit)
Zapping:
c - a wand of flame (10/48)
Press: ? - help, Shift-Dir - straight line, f/p - Menkaure
Aim: Menkaure (moderately damaged)
The puff of flame hits Menkaure.
Menkaure is burned terribly!
Menkaure is severely damaged.
This wand has 9 charges left.
Menkaure hits you!!
Ouch! That really hurt!
You die...

####.# #.........# #....#
#########.# ##'########### #.#
#............# #.#
#............# #.#
#....(.......# #.##########
#.........†.(####.##.......#
###########'#M)(...........###
#...#@#.#.##.###....## #######
#.###.#.#....# #.##.## #.....#
#.......###### #.##.## #.....#
#####.### #....## #.....# #.#
###.... #.....# #.# #...#
#.....# #)# #...#
#.....#######'############...#
#.........%%............##.#.#


You could see Menkaure.

Vanquished Creatures
  Crazy Yiuf (D:3)
  4 adders
  2 gnolls (D:3)
  An ooze (D:1)
  3 worms
  4 leopard geckos
  7 orcs
  2 giant cockroaches
  5 goblins
  7 hobgoblins
  7 bats
  A frilled lizard (D:2)
  8 kobolds
  A quokka skeleton (D:4)
  7 rats
60 creatures vanquished.

Vanquished Creatures (collateral kills)
  A gnoll (D:3)
1 creature vanquished.

Grand Total: 61 creatures vanquished

Notes
Turn   | Place    | Note
-------+----------+-------------------------------------------
     0 | D:1      | HungrySpirit the Mummy Artificer began the quest for the Orb.
     0 | D:1      | Reached XP level 1. HP: 15/15 MP: 2/2
   417 | D:1      | Reached XP level 2. HP: 15/22 MP: 3/3
   553 | D:1      | You fall through a shaft!
   850 | D:2      | Found a hide-covered altar of Uskayaw.
   856 | D:2      | Reached skill level 1 in Axes
   856 | D:2      | Reached XP level 3. HP: 27/27 MP: 5/5
   886 | D:2      | Found a white marble altar of Elyvilon.
  2147 | D:3      | Found a blossoming altar of Fedhas.
  2158 | D:3      | Reached skill level 3 in Evocations
  2158 | D:3      | Reached XP level 4. HP: 26/33 MP: 6/6
  2513 | D:3      | Found a glowing golden altar of the Shining One.
  2699 | D:3      | Found a runed door.
  2767 | D:3      | Noticed Crazy Yiuf
  2774 | D:3      | Killed Crazy Yiuf
  2774 | D:3      | Reached XP level 5. HP: 38/38 MP: 7/7
  2832 | D:4      | Noticed Duvessa
  2832 | D:4      | Noticed Dowan
  3096 | D:4      | Noticed Edmund
  3491 | D:4      | Noticed Menkaure
  3507 | D:3      | Demolished by Menkaure

Skill      XL: |  1  2  3  4 |
---------------+-------------+-----
Fighting       | 2 |  2.0
Axes           | 1 2 |  2.8
Evocations     | 3 |  3.4
Short Blades   | |  0.7
Dodging        | |  1.5
Stealth        | |  0.7

Action                   |  1- 3 |  4- 6 || total
-------------------------+-------+-------++-------
Melee: Short sword       |   117 |   113 ||   230
Evoke: Wand              |     4 |     9 ||    13
Armor: Leather armour    |     8 |       ||     8
       Ring mail         |    39 |    25 ||    64
Dodge: Dodged            |    83 |    46 ||   129
